 Dungeon Crawl Stone Soup version 0.27-a0-1301-g128193abf8 (webtiles) character file.

Game seed: 8959625074034294774

34 mordus the Covered (level 3, -2/31 HPs)
             Began as a Minotaur Fighter on June 17, 2021.
             Killed from afar by Sigmund (7 damage)
             ... with a magic dart
             ... on level 2 of the Dungeon.
             The game lasted 00:00:50 (1655 turns).

mordus the Covered (Minotaur Fighter)               Turns: 1655, Time: 00:00:51

Health: -2/31      AC:  7    Str: 21    XL:     3   Next: 14%
Magic:  2/2        EV:  7    Int:  5    God:
Gold:   29         SH:  9    Dex:  9    Spells: 2/2 levels left

rFire    . . .     SeeInvis .   a - +0 trident
rCold    . . .     Faith    .   c - +0 kite shield
rNeg     . . .     Spirit   .   b - +0 scale mail
rPois    .         Reflect  .   (helmet restricted)
rElec    .         Harm     .   (no cloak)
rCorr    .         Rampage  .   (no gloves)
Will     .....                  (no boots)
Stlth    ..........             (no amulet)
HPRegen  0.10/turn              (no ring)
MPRegen  0.08/turn              (no ring)

@: no status effects
A: horns 2, retaliatory headbutt
a: no special abilities


You were on level 2 of the Dungeon.
You visited 1 branch of the dungeon, and saw 2 of its levels.

You collected 29 gold pieces.

Inventory:

Hand Weapons
 a - a +0 trident (weapon)
Armour
 b - a +0 scale mail (worn)
 c - a +0 kite shield (worn)
Scrolls
 f - a scroll of teleportation {unknown}
 g - a scroll of vulnerability {unknown}
 h - a scroll of immolation {unknown}
 i - a scroll of magic mapping {unknown}
 j - a scroll of summoning {unknown}
 k - a scroll of brand weapon {unknown}
Potions
 d - a potion of might
 e - a potion of degeneration {unknown}


   Skills:
 - Level 3.6 Fighting
 * Level 3.6 Polearms
 + Level 4.1 Armour
 + Level 4.0 Shields


You had 2 spell levels left.
You didn't know any spells.
Your spell library contained the following spells:

 Spells                   Type           Power      Damage    Failure   Level
 Animate Skeleton         Necr           0%         N/A       99%         1
 Apportation              Tloc           0%         N/A       99%         1
 Corona                   Hex            0%         N/A       99%         1
 Summon Small Mammal      Summ           0%         N/A       99%         1


Dungeon Overview and Level Annotations

Branches:
Dungeon (2/15)

Altars:

Annotations:
D:2 Sigmund


Innate Abilities, Weirdness & Mutations

You have a pair of horns on your head.
You reflexively headbutt those who attack you in melee.


Message History

You reach to attack!
Your shield prevents you from hitting Sigmund.
Sigmund is heavily wounded.
Sigmund closely misses you.
Sigmund hits you from afar with a +0 scythe!
You reach to attack!
Your shield and scale mail prevent you from hitting Sigmund.
Sigmund is heavily wounded.
Sigmund hits you from afar with a +0 scythe.
You reach to attack!
You closely miss Sigmund.
Sigmund is heavily wounded.
Sigmund gestures at you while chanting. The magic dart hits you.
You reach to attack!
You hit Sigmund.
Sigmund is heavily wounded.
You block Sigmund's attack. Sigmund closely misses you.
You reach to attack!
You hit Sigmund.
Sigmund is severely wounded.
Sigmund hits you from afar with a +0 scythe!
You are too injured to fight recklessly!
You are too injured to fight recklessly!
You are too injured to fight recklessly!
You are too injured to fight recklessly!
Sigmund hits you but does no damage.
You hit Sigmund but do no damage.
Sigmund is severely wounded.
You block Sigmund's attack.
You hit Sigmund.
Sigmund is severely wounded.
Sigmund points at you and mumbles some strange words.
The magic dart hits you.
* * * LOW HITPOINT WARNING * * *
Sigmund gestures at you while chanting. The magic dart hits you.
* * * LOW HITPOINT WARNING * * *
You closely miss Sigmund.
Sigmund is severely wounded.
Sigmund points at you and mumbles some strange words.
The magic dart hits you!
You die...

#.# ... #.# #.####
#######.##.##
............#
###########.##.##
###..(...(....##.#
....############@#
##### #@# #.# #.#
#.# #.# #.# #.#


You could see Sigmund.

Vanquished Creatures
  2 worms (D:2)
  A bat (D:2)
  An endoplasm (D:1)
  4 giant cockroaches
  3 goblins
  4 hobgoblins (D:1)
  A quokka (D:1)
  3 ball pythons
  2 frilled lizards
  2 kobolds (D:2)
  2 rats (D:1)
25 creatures vanquished.

Notes
Turn   | Place    | Note
-------+----------+-------------------------------------------
     0 | D:1      | mordus the Minotaur Fighter began the quest for the Orb.
     0 | D:1      | Reached XP level 1. HP: 19/19 MP: 0/0
   697 | D:1      | Reached XP level 2. HP: 26/26 MP: 1/1
  1424 | D:2      | Reached XP level 3. HP: 21/31 MP: 2/2
  1635 | D:2      | Noticed Sigmund
  1655 | D:2      | Killed from afar by Sigmund

Illustrated notes

Levels and vault maps discovered:
D:1:      ebering_trefoil_3fold, layout_loops_corners,
          chequers_hall_statues_wall_a
D:2:      layout_loops_ring, shapermc_ecumenical_altar_mp_urbaneastern,
          uniq_sigmund

Skill      XL: |  1  2 |
---------------+-------+-----
Polearms       | 3 |  3.6
Armour         | 4 |  4.1
Shields        | 4 |  4.0
Fighting       | |  3.6

Action                   || total
-------------------------++-------
Melee: Trident           ||    80
       Headbutt          ||     6
Armor: Scale mail        ||    17
Dodge: Dodged            ||    16
Block: Kite shield       ||    28

Table legend: (Time is in decaauts)
 A = Elapsed time spent in this place.
 B = Non-inter-level travel time spent in this place.
 C = Inter-level travel time spent in this place.
 D = Time resting spent in this place.
 E = Time spent auto-exploring this place.
 F = Levels seen in this place.
 G = Mean time per level.
                   A        B        C        D        E       F      G
               +--------+--------+--------+--------+--------+-----+--------+
         Total |   1683 |   1642 |     41 |    294 |   1170 |   2 |  841.5 |
       Dungeon |   1683 |   1642 |     41 |    294 |   1170 |   2 |  841.5 |
               +--------+--------+--------+--------+--------+-----+--------+

Top non-repeatable levels by time:
     D:1: 1189 daAuts
     D:2: 494 daAuts
